 Dungeon Crawl Stone Soup version 0.27-a0-249-g74f53ef629 (webtiles) character file.

Game seed: 6384098788207114533

49 sahdkjhfkaj the Digger (level 3, 0/19 HPs)
             Began as a Gargoyle Earth Elementalist on Feb 3, 2021.
             Slain by a gnoll
             ... wielding a +0 flail
              (8 damage)
             ... on level 1 of the Dungeon.
             The game lasted 00:01:57 (1803 turns).

sahdkjhfkaj the Digger (GrEE)                       Turns: 1803, Time: 00:01:58

Health: 0/19       AC:  6    Str: 11    XL:     3   Next: 77%
Magic:  6/7        EV: 12    Int: 16    God:
Gold:   42         SH:  0    Dex: 10    Spells: 3/7 levels left

rFire    . . .     SeeInvis .   a - +0 hand axe
rCold    . . .     Faith    .   (no shield)
rNeg     + . .     Spirit   .   c - +0 robe
rPois    ∞         Reflect  .   (no helmet)
rElec    +         Harm     .   (no cloak)
rCorr    .         Rampage  .   d - +0 pair of gloves
Will     .....                  (no boots)
Stlth    ++........             (no amulet)
HPRegen  0.06/turn              (no ring)
MPRegen  0.10/turn              (no ring)

@: no status effects
A: negative energy resistance 1, electricity resistance, unbreathing,
petrification resistance, miasma immunity, AC +3
a: no special abilities


You were on level 1 of the Dungeon.
You visited 1 branch of the dungeon, and saw 2 of its levels.

You collected 42 gold pieces.

Inventory:

Hand Weapons
 a - a +0 hand axe (weapon)
Missiles
 b - 47 stones
Armour
 c - a +0 robe (worn)
 d - a +0 pair of gloves (worn)
Jewellery
 f - a cursed -4 ring of evasion {unknown}
Scrolls
 e - 2 scrolls of enchant weapon {unknown}
 g - a scroll of teleportation {unknown}
 i - a scroll of identify {unknown}
 j - a scroll of amnesia {unknown}
Potions
 h - a potion of lignification {unknown}


   Skills:
 - Level 1.5 Dodging
 - Level 2.1 Stealth
 + Level 2.7 Spellcasting
 - Level 0.7 Transmutations
 - Level 5.0 Earth Magic


You had 3 spell levels left.
You knew the following spells:

 Your Spells              Type           Power        Failure   Level
a - Sandblast             Erth           36%          2%          1
b - Stone Arrow           Conj/Erth      20%          21%         3

Your spell library contained the following spells:

 Spells                   Type           Power        Failure   Level
 Passwall                 Tmut/Erth      9%           9%          2
 Petrify                  Tmut/Erth      11%          52%         4
 Lee's Rapid Deconstruct  Erth           9%           56%         5


Dungeon Overview and Level Annotations

Branches:
Dungeon (2/15)

Altars:
Uskayaw

Annotations:
D:2 1 runed translucent door, Crazy Yiuf


Innate Abilities, Weirdness & Mutations

You are resistant to torment.
Your stone body is resilient. (AC +3)
You are immune to poison.
You resist negative energy. (rN+)
You are resistant to electric shocks. (rElec)
You can survive without breathing.
You are immune to petrification.
You are immune to miasma.


Message History

You barely miss the gnoll.
The gnoll is lightly wounded.
The gnoll hits you with a +0 flail.
There are monsters nearby!
The gnoll hits you with a +0 flail.
A gnoll comes into view. It is wielding a +0 spear.
There is a stone staircase leading up here.
Okay, then.
The gnoll misses you.
You climb upwards.
There is a stone staircase leading down here.
Casting: Sandblast (safe; 2% risk of failure)
Confirm with . or Enter, or press ? or * to list all spells.
Aiming: Sandblast (safe; 2% risk of failure)
Press: ? - help, Shift-Dir - straight line, f - gnoll
Aim: a gnoll, wielding a +0 flail (lightly wounded, 18% to evade)
The blast of sand hits the gnoll.
The gnoll is heavily wounded.
The gnoll hits you with a +0 flail!
You die...

#####...####.........###........#
#..## ##.......## ###.##.### #.##
#####....÷## ####.# #.#
#........## #.# #.# #.###.#'##
#.# #.# #.# #.#.# #.#
#.####.###.#.# #.#
#.......##.#.#### #.#
######......@...# #.#
#..##...g..#########.#
#..(.....#...........#
#######.############## ###


You could see a gnoll.

Vanquished Creatures
  An adder (D:2)
  3 leopard geckos
  6 bats (D:1)
  A giant cockroach (D:2)
  6 goblins
  5 hobgoblins
  A quokka (D:2)
  4 frilled lizards (D:1)
  4 kobolds
  4 rats
35 creatures vanquished.

Notes
Turn   | Place    | Note
-------+----------+-------------------------------------------
     0 | D:1      | sahdkjhfkaj the Gargoyle Earth Elementalist began the quest
                  | for the Orb.
     0 | D:1      | Reached XP level 1. HP: 10/10 MP: 3/3
   126 | D:1      | Reached skill level 4 in Earth Magic
   153 | D:1      | Reached XP level 2. HP: 13/15 MP: 5/5
  1112 | D:2      | Reached skill level 5 in Earth Magic
  1112 | D:2      | Reached XP level 3. HP: 17/19 MP: 6/6
  1155 | D:2      | Learned a level 3 spell: Stone Arrow
  1758 | D:2      | Found a runed translucent door.
  1759 | D:2      | Noticed Crazy Yiuf
  1784 | D:2      | Found a hide-covered altar of Uskayaw.
  1803 | D:1      | Slain by a gnoll

Illustrated notes

Levels and vault maps discovered:
D:1:      psy_arrival_terrarium, layout_loops_corners, minmay_misc_feat_x,
          nrook_campfire
D:2:      layout_rooms, nicolae_gozag_seed_capital, lemuel_round_altar,
          minivault_14, chequers_serial_rivers_room_b,
          minmay_randomly_rotated_circles, uniq_crazy_yiuf_cottage

Skill      XL: |  1  2 |
---------------+-------+-----
Earth Magic    | 4 5 |  5.0
Dodging        | |  1.5
Stealth        | |  2.1
Spellcasting   | |  2.7
Transmutations | |  0.7

Action                   || total
-------------------------++-------
Melee: Hand axe          ||   142
       Unarmed           ||    12
 Cast: Sandblast         ||     5
 Stab: Sleeping          ||     3
Armor: Robe              ||    75
Dodge: Dodged            ||   121

Table legend: (Time is in decaauts)
 A = Elapsed time spent in this place.
 B = Non-inter-level travel time spent in this place.
 C = Inter-level travel time spent in this place.
 D = Time resting spent in this place.
 E = Time spent auto-exploring this place.
 F = Levels seen in this place.
 G = Mean time per level.
                   A        B        C        D        E       F      G
               +--------+--------+--------+--------+--------+-----+--------+
         Total |   1845 |   1792 |     53 |     36 |   1402 |   2 |  922.5 |
       Dungeon |   1845 |   1792 |     53 |     36 |   1402 |   2 |  922.5 |
               +--------+--------+--------+--------+--------+-----+--------+

Top non-repeatable levels by time:
     D:1: 1127 daAuts
     D:2: 717 daAuts
